 Dungeon Crawl Stone Soup version 0.31-a0-233-g139696dc86 (webtiles) character file.

Game seed: 1739652821064954468

72 qw the Shooter (level 4, -5/36 HPs)
             Began as a Minotaur Hexslinger on July 7, 2023.
             Slain by Natasha (7 damage)
             ... on level 2 of the Dungeon.
             The game lasted 00:00:28 (998 turns).

qw the Shooter (Minotaur Hexslinger)                 Turns: 998, Time: 00:00:29

Health: -5/36      AC:  5    Str: 12    XL:     4   Next: 7%
Magic:  4/4        EV: 12    Int: 10    God:
Gold:   158        SH:  0    Dex: 15    Spells: 4/5 levels left

rFire   . . .        Y - +1 sling
rCold   . . .        (no shield)
rNeg    . . .        i - +1 leather armour {Will+}
rPois   .            (helmet restricted)
rElec   .            g - +0 cloak
rCorr   .            (no gloves)
SInv    .            (no boots)
Will    +....        (no amulet)
Stlth   +            (no ring)
HPRegen 0.26/turn    (no ring)
MPRegen 0.09/turn

%: no passive effects
@: no status effects
A: horns 2, retaliatory headbutt
a: no special abilities


You were on level 2 of the Dungeon.
You visited 1 branch of the dungeon, and saw 2 of its levels.

You collected 158 gold pieces.


Innate Abilities, Weirdness & Mutations

You have a pair of horns on your head.
You reflexively headbutt those who attack you in melee.


   Skills:
 - Level 2.0 Fighting
 + Level 4.6 Ranged Weapons
 - Level 2.1 Dodging
 - Level 1.0 Spellcasting
 - Level 2.0 Hexes


You had 4 spell levels left.
You knew the following spells:

 Your Spells              Type           Power      Damage    Failure   Level
a - Slow                  Hex            16%        N/A       19%         1

Your spell library contained the following spells:

 Spells                   Type           Power      Damage    Failure   Level
 Inner Flame              Hex/Fire       2%         N/A       65%         3
 Portal Projectile        Hex/Tloc       4%         N/A       65%         3
 Cause Fear               Hex            2%         N/A       88%         4

Inventory:

Hand Weapons
 Y - a +1 sling (weapon)
Armour
 g - a +0 cloak (worn)
 i - a +1 leather armour of willpower (worn)
Scrolls
 a - a scroll of identify {unknown}
 b - a scroll of enchant weapon {unknown}
Potions
 f - a potion of cancellation {unknown}

Dungeon Overview and Level Annotations

Branches:
Dungeon (2/15)

Altars:

Annotations:
D:2 Natasha


Message History

The cerulean imp barely misses you. Natasha casts a spell at you.
The magic dart hits you.
You shoot a sling bullet.
The sling bullet closely misses Natasha.
The cerulean imp completely misses you.
The cerulean imp hits you from afar with a +0 spear.
Natasha claws you. The cerulean imp misses you.
You shoot a sling bullet. The sling bullet misses Natasha.
The cerulean imp barely misses you. Natasha misses you.
The cerulean imp barely misses you.
The cerulean imp hits you from afar with a +0 spear.
You shoot a sling bullet. The sling bullet hits Natasha.
Natasha is moderately wounded.
Natasha claws you. The cerulean imp misses you. x2
You shoot a sling bullet. The sling bullet barely misses Natasha.
The cerulean imp disappears in a puff of smoke!
Natasha claws you. The cerulean imp closely misses you.
Natasha completely misses you.
You shoot a sling bullet. The sling bullet misses Natasha.
The cerulean imp barely misses you. Natasha closely misses you.
You shoot a sling bullet.
The sling bullet hits Natasha but does no damage.
Natasha is moderately wounded.
The cerulean imp hits you from afar with a +0 spear.
Natasha misses you.
You shoot a sling bullet. The sling bullet barely misses Natasha.
The cerulean imp hits you from afar with a +0 spear.
Natasha mumbles some strange words.
The cerulean imp closely misses you.
You shoot a sling bullet.
The sling bullet closely misses Natasha.
Natasha claws you.
The cerulean imp hits you but does no damage.
You shoot a sling bullet.
The sling bullet hits Natasha but does no damage.
Natasha is moderately wounded.
The cerulean imp disappears in a puff of smoke!
Natasha claws you!
You die...

##.....####.. ...
............ ..######
#.#...# #..
......#####.....###..
#.!.... ..........#..
#...!.# ####.>...##.
#..ยค..# #........
#..:.(# #........
#.5h@.##### #........
#.........###........
#.....###......<....>
#....................
#.....##########.....
.>......# #.<...
######### #.....
#..... ######


You could see Natasha and a cerulean imp (summoned).

Vanquished Creatures
  Natasha (D:2)
  An adder (D:2)
  A worm (D:2)
  2 dart slugs
  4 ball pythons
  5 endoplasms
  A giant cockroach (D:1)
  2 goblins (D:2)
  2 hobgoblins
  2 kobolds (D:1)
  2 quokkas
  2 bats (D:1)
  3 frilled lizards
  3 rats
31 creatures vanquished.

Notes
Turn   | Place    | Note
-------+----------+-------------------------------------------
     0 | D:1      | qw the Minotaur Hexslinger began the quest for the Orb.
     0 | D:1      | Reached XP level 1. HP: 16/16 MP: 1/1
     0 | D:1      | 0 ||| qw: Version: 0.3-a-46-gb1f654a
     0 | D:1      | 0 ||| qw: Game counter: 3159
     0 | D:1      | 0 ||| qw: Melee chars always use a shield: true
     0 | D:1      | 0 ||| qw: God list: Okawaru
     0 | D:1      | 0 ||| qw: Allow faded altars: false
     0 | D:1      | 0 ||| qw: Do Orc after clearing Dungeon:15 true
     0 | D:1      | 0 ||| qw: Do second Lair branch before Depths: true
     0 | D:1      | 0 ||| qw: Lair rune preference: random
     0 | D:1      | 0 ||| qw: Goals: Normal
     0 | D:1      | 0 ||| PLANNING D:1-11
   231 | D:1      | Reached skill level 3 in Ranged Weapons
   246 | D:1      | Reached XP level 2. HP: 23/23 MP: 2/2
   637 | D:1      | 637 ||| UPGRADING to +0 leather armour.
   647 | D:1      | 647 ||| DROPPING +0 robe.
   648 | D:1      | 648 ||| UPGRADING to +0 cloak.
   653 | D:1      | 653 ||| UPGRADING to +1 leather armour of willpower.
   663 | D:1      | 663 ||| DROPPING +0 leather armour.
   664 | D:1      | 664 ||| READING scroll labelled HUUDODWECUWN.
   665 | D:1      | 665 ||| DRINKING 2 murky green potions.
   669 | D:1      | 669 ||| DROPPING scroll of poison.
   670 | D:1      | 670 ||| DROPPING potion of ambrosia.
   730 | D:2      | Reached XP level 3. HP: 29/29 MP: 3/3
   860 | D:2      | Noticed Natasha
   862 | D:2      | 862 ||| FLEEEEING.
   863 | D:2      | 863 ||| FLEEEEING.
   864 | D:2      | 864 ||| FLEEEEING.
   865 | D:2      | 865 ||| FLEEEEING.
   872 | D:2      | Killed Natasha
   873 | D:2      | Reached skill level 4 in Ranged Weapons
   926 | D:2      | Reached XP level 4. HP: 35/36 MP: 4/4
   980 | D:2      | Noticed Natasha
   991 | D:2      | HP: 8/36 [cerulean imp/+0 spear[Natasha] (2)]
   995 | D:2      | HP: 3/36 [cerulean imp/+0 spear[Natasha] (1)]
   998 | D:2      | Slain by Natasha

Levels and vault maps discovered:
D:1:      dpeg_arrival_central, layout_basic
D:2:      minmay_angry_zag, layout_rooms, uniq_natasha, uniq_terence

Skill      XL: |  1  2  3 |
---------------+----------+-----
Ranged Weapons | 3 4 |  4.6
Fighting       | 2 |  2.0
Dodging        | |  2.1
Spellcasting   | |  1.0
Hexes          | |  2.0

Action                     |  1- 3 |  4- 6 || total
---------------------------+-------+-------++-------
   Fire: Sling             |    83 |    25 ||   108
    Use: Scroll            |     1 |       ||     1
         Potion            |     1 |       ||     1
 Armour: Leather armour    |    12 |     4 ||    16
         Robe              |     1 |       ||     1
  Dodge: Dodged            |    18 |    18 ||    36

Table legend:
 A = Non-vault XP
 B = Vault XP
 C = Vault XP percentage of total XP
 D = Non-vault monster count
 E = Vault monster count
 F = Vault count percentage of total count
                 A         B        C        D         E       F
            +---------+---------+-------+---------+---------+-------
      Total |      52 |      52 |  50.0 |      23 |       8 |  25.8
            +---------+---------+-------+---------+---------+-------
        D:1 |      26 |       0 |   0.0 |      14 |       0 |   0.0
        D:2 |      26 |      52 |  66.7 |       9 |       8 |  47.1
            +---------+---------+-------+---------+---------+-------
